 Dungeon Crawl Stone Soup version 0.29-a0-271-gd4eb659eea (webtiles) character file.

Game seed: 11187215265453401632

71 spaghetti the Magician (level 3, 0/22 (26) HPs)
             Began as a Demigod Venom Mage on Mar 8, 2022.
             Slain by an orc
             ... wielding a +4 mace of draining
              (1 damage)
             ... on level 3 of the Dungeon.
             The game lasted 00:05:49 (3379 turns).

spaghetti the Magician (Demigod Venom Mage)         Turns: 3379, Time: 00:05:49

HP:   0/22 (26)     AC:  7    Str:  8 (9)  XL:     3   Next: 79%
MP:   2/10          EV: 11    Int: 20 (21) God:
Gold: 85            SH:  0    Dex: 12 (14) Spells: 5/8 levels left

rFire   . . .      SeeInvis .   h - staff of conjuration {!a@e2staff}
rCold   . . .      Faith    .   (no shield)
rNeg    . . .      Spirit   .   e - +3 leather armour
rPois   .          Reflect  .   j - +0 helmet
rElec   .          Harm     .   (no cloak)
rCorr   .          Rampage  .   (no gloves)
Will    .....                   (no boots)
Stlth   ++........              (no amulet)
HPRegen 0.07/turn               (no ring)
MPRegen 0.12/turn               (no ring)

@: heavily drained
A: high MP 1, forlorn, divine attributes
a: no special abilities


You were on level 3 of the Dungeon.
You visited 1 branch of the dungeon, and saw 3 of its levels.

You collected 85 gold pieces.


Innate Abilities, Weirdness & Mutations

You have an increased reservoir of magic. (+10% MP)
You shall have no god before yourself.
Your divine heritage dramatically boosts your attributes as you level up.


   Skills:
 - Level 1.7 Dodging
 - Level 1.7 Stealth
 - Level 3.1 Spellcasting
 + Level 1.8 Conjurations
 - Level 0.8 Transmutations
 - Level 2.6 Poison Magic


You had 5 spell levels left.
You knew the following spells:

 Your Spells              Type           Power      Damage    Failure   Level
a - Dazzling Flash        Conj/Hex       20%        N/A       38%         3

Your spell library contained the following spells:

 Spells                   Type           Power      Damage    Failure   Level
 Sting                    Tmut/Pois      40%        1d5       10%         1
 Poisonous Vapours        Pois/Air       16%        N/A       19%         2
 Mephitic Cloud           Conj/Pois/Air  13%        N/A       32%         3
 Olgreb's Toxic Radiance  Pois           13%        N/A       56%         4
 Iskenderun's Mystic Bla  Conj/Tloc      10%        2d4       80%         4
 Starburst                Conj/Fire      5%         6d4       100%        6

Inventory:

Hand Weapons
 f - a +0 club {mace}
   (You took it off a goblin on level 1 of the Dungeon)
Missiles
 c - 4 poisoned darts {throwing}
 g - 89 stones {throwing}
Armour
 a - a +0 robe
 e - a +3 leather armour (worn)
   (You found it on level 3 of the Dungeon)
 j - a +0 helmet (worn)
   (You found it on level 1 of the Dungeon)
 k - the +1 robe of Xyaphuhy {rC- rN++}
   (You found it on level 3 of the Dungeon)

   rC:        It makes you vulnerable to cold.
   rN:        It greatly protects you from negative energy.
 l - a +0 plate armour
   (You found it on level 3 of the Dungeon)
Magical Staves
 d - a staff of air {!astaff}
   (You found it on level 1 of the Dungeon)
 h - a staff of conjuration (weapon) {!a@e2staff}
   (You found it on level 1 of the Dungeon)
Jewellery
 i - a ring of poison resistance
   (You took it off a hobgoblin on level 2 of the Dungeon)
Scrolls
 m - a scroll of immolation {!r!r}
 o - a scroll of identify {unknown}
Potions
 b - a potion of magic

Dungeon Overview and Level Annotations

Branches:
Dungeon (3/15)

# # #..o# ###
g... ..# o..
#.# #.. ..# o.
#.# .# #.######
##########.#
.......#
#...@o{g...#
##.###.#
#>##########
#.# #.# #.#
##.###.# #.#
#...##.# #.#
....)#.#### #[#
..†.......###.#
.....#........#
#...#####.#####


You could see an orc (blind) and a hobgoblin.


Message History

A puff of flame appears from out of thin air!
The puff of flame hits you but does no damage.
You hit something.
Something hits you but does no damage. 😮 HP[+1]
You completely miss something. The orc hits you with a +0 whip.
* * * LOW HITPOINT WARNING * * *
😨 HP[-2]
You take 2 damage, and now have 18/39 hp.
You hit the orc but do no damage. You barely miss something. 😨 MP[+1]
You hit something but do no damage.
The orc is no longer blind.
Something hits you but does no damage.
You completely miss something. Something hits you but does no damage.
You hit something but do no damage.
An orc wizard appears from thin air!
Reactivating autopickup.
The orc wizard gestures at you while chanting.
You are confused.
The orc wizard hits you but does no damage. 😨 HP[+1]
You nearly hit yourself!
The orc wizard is no longer blind.
The orc wizard hits you but does no damage.
You hit the orc wizard.
You kill the orc wizard!
You feel your strength returning.
Your Conjurations skill increases to level 1!
You're too confused to cast spells.
You closely miss the orc. The orc hits you but does no damage.
You attack the rock wall.
The orc hits you but does no damage. 😨 MP[+1]
You attack the rock wall.
The orc barely misses you.
You hit the orc but do no damage.
You feel less confused. The orc hits you with a +0 whip.
* * * LOW HITPOINT WARNING * * *
The orc hits you but does no damage. 😨 HP[-1]
You take 1 damage, and now have 18/39 hp.
You hit the orc.
The orc hits you but does no damage. 😨 HP[+1]
You hit the orc. The orc hits you but does no damage.
You hit the orc. The orc hits you but does no damage.
You closely miss the orc. The orc hits you but does no damage.
You hit the orc but do no damage.
Your transformation is almost over.
The orc hits you but does no damage. The orc completely misses you. 😨 MP[+1]
You hit the orc but do no damage. The orc hits you but does no damage.
You hit the orc.
You kill the orc! 😮 HP[+1]
You hit the endoplasm. The endoplasm freezes you.
You are frozen.
* * * LOW HITPOINT WARNING * * *
😨 HP[-4]
You take 4 damage, and now have 16/39 hp.
You hit the endoplasm. The endoplasm freezes you.
You are frozen.
* * * LOW HITPOINT WARNING * * *
😨 HP[-4]
You take 4 damage, and now have 12/39 hp.
You hit the endoplasm.
You kill the endoplasm!
The orc hits you but does no damage.
You feel drained.
You now have 37 max hp (-2).
Casting: Dazzling Flash (quite dangerous; 28% risk of failure)
Press: ? - help, Q - select action, (/) - cycle Dir - look around, f - activate You feel a surge of power!
The orc hits you but does no damage.
You feel drained. 😨 MP[-3]
You now have 36 max hp (-1).
You lost 3 mp, and now have 4/10 mp.
Casting: Dazzling Flash (quite dangerous; 28% risk of failure)
Press: ? - help, Q - select action, (/) - cycle Dir - look around, f - activate You feel a surge of power!
The orc is dazzled.
You feel less wooden.
Your +0 helmet unmelds from your body.
Your +3 leather armour unmelds from your body.
The orc barely misses you. 😨 HP[-4] MP[-2]
You now have 24 max hp (-12).
You lost 2 mp, and now have 2/10 mp.
You strike the helpless orc from behind!
You hit the orc.
The orc hits you with a +4 mace of draining.
* * * LOW HITPOINT WARNING * * *
You feel drained.
* * * LOW HITPOINT WARNING * * *
😱 HP[-4]
You now have 23 max hp (-1).
You take 4 damage, and now have 4/23 hp.
You hit the orc but do no damage. The orc misses you.
You catch the helpless orc completely off-guard!
You hit the orc.
The orc hits you with a +4 mace of draining.
* * * LOW HITPOINT WARNING * * *
You feel drained.
You die...

Skill      XL: |  1  2  3 |
---------------+----------+-----
Spellcasting   | 2 3 |  3.1
Conjurations   | 1 |  1.8
Dodging        | |  1.7
Stealth        | |  1.7
Transmutations | |  0.8
Poison Magic   | |  2.6

Action                   || total
-------------------------++-------
Melee: Unarmed           ||    10
       Club              ||    88
       Staff             ||    79
       Punch             ||     1
 Cast: Sting             ||    33
       Dazzling Flash    ||     7
  Use: Potion            ||     6
       Scroll            ||     5
 Stab: Sleeping          ||     1
       Invisible         ||     4
Armor: Robe              ||    42
       Leather armour    ||    27
       Skin              ||    22
Dodge: Dodged            ||   133

Levels and vault maps discovered:
D:1:      dpeg_arrival_chambers_temple_mockup, layout_loops_ring, minmay_vboxes
D:2:      cheibrodos_greedy_goblins, layout_basic, basic_ecumenical_altar,
          hangedman_decor_lopped
D:3:      layout_loops_ring, cheibrodos_sewer_entry_drain, minmay_goblin_outpost

Notes
Turn   | Place    | Note
-------+----------+-------------------------------------------
     0 | D:1      | spaghetti the Demigod Venom Mage began the quest for the
                  | Orb.
     0 | D:1      | Reached XP level 1. HP: 14/14 MP: 5/5
     0 | D:1      | magus.rc [v1.9.6]
    55 | D:1      | Reached skill level 2 in Spellcasting
   408 | D:1      | Reached XP level 2. HP: 20/20 MP: 5/8
   749 | D:1      | HP: 4/20 [hobgoblin (3)]
  1152 | D:1      | HP: 4/20 [dart slug/slug dart (3)]
  1791 | D:1      | Reached skill level 3 in Spellcasting
  2077 | D:2      | HP: 5/20 [goblin/+0 dagger (2)]
  2079 | D:2      | HP: 2/20 [goblin/+0 dagger (3)]
  2085 | D:2      | HP: 1/20 [goblin/+0 dagger (1)]
  2142 | D:2      | Noticed a phantom
  2160 | D:2      | HP: 5/20 [goblin/+0 club (2)]
  2164 | D:2      | HP: 2/20 [goblin/+0 club (3)]
  2170 | D:3      | Reached XP level 3. HP: 4/26 MP: 10/10
  2467 | D:3      | Found a glowing drain.
  2496 | D:3      | You pick up a book of Spectacle and begin reading...
  2496 | D:3      | You add the spells Dazzling Flash, Iskenderun's Mystic
                  | Blast and Starburst to your library.
  2533 | D:3      | Learned a level 3 spell: Dazzling Flash
  2659 | D:3      | HP: 2/26 [orc/+0 short sword (5)]
  2693 | D:3      | HP: 4/26 [frilled lizard (1)]
  2993 | D:3      | Identified the +1 robe of Xyaphuhy {rC- rN++}
  3361 | D:3      | Reached skill level 1 in Conjurations
  3377 | D:3      | HP: 5/24 [orc/+4 mace of draining (3)]
  3379 | D:3      | HP: 1/23 [orc/+4 mace of draining (3)]
  3379 | D:3      | Slain by an orc

Vanquished Creatures
  An orc wizard (D:3)
  A dart slug (D:1)
  2 orcs (D:3)
  5 ball pythons
  2 endoplasms
  2 giant cockroaches (D:1)
  9 goblins
  7 hobgoblins
  4 kobolds
  3 bats
  2 frilled lizards
  4 rats
42 creatures vanquished.

Table legend:
 A = Non-vault XP
 B = Vault XP
 C = Vault XP percentage of total XP
 D = Non-vault monster count
 E = Vault monster count
 F = Vault count percentage of total count
                 A         B        C        D         E       F
            +---------+---------+-------+---------+---------+-------
      Total |      85 |      17 |  16.7 |      30 |      12 |  28.6
            +---------+---------+-------+---------+---------+-------
        D:1 |      30 |       8 |  21.1 |      17 |       5 |  22.7
        D:2 |       7 |       3 |  30.0 |       5 |       2 |  28.6
        D:3 |      48 |       6 |  11.1 |       8 |       5 |  38.5
            +---------+---------+-------+---------+---------+-------

Illustrated notes

Table legend:
 A = Kills in this place as a percentage of kills in entire the game.
 B = Kills by you in this place as a percentage of kills by you in the entire game.
 C = Kills by friends in this place as a percentage of kills by friends in the entire game.
 D = Other kills in this place as a percentage of other kills in the entire game.
 E = Experience gained in this place as a percentage of experience gained in the entire game.
 F = Experience gained in this place divided by the number of levels of this place that you have seen.
                   A       B       C       D       E      F
               +-------+-------+-------+-------+-------+----------------------
         Total | 100.0 | 100.0 |   N/A |   N/A | 100.0 |  34.0
       Dungeon | 100.0 | 100.0 |   N/A |   N/A | 100.0 |  34.0
               +-------+-------+-------+-------+-------+----------------------

Table legend: (Time is in decaauts)
 A = Elapsed time spent in this place.
 B = Non-inter-level travel time spent in this place.
 C = Inter-level travel time spent in this place.
 D = Time resting spent in this place.
 E = Time spent auto-exploring this place.
 F = Levels seen in this place.
 G = Mean time per level.
                   A        B        C        D        E       F      G
               +--------+--------+--------+--------+--------+-----+--------+
         Total |   3431 |   3391 |     40 |   1253 |   1588 |   3 | 1143.7 |
       Dungeon |   3431 |   3391 |     40 |   1253 |   1588 |   3 | 1143.7 |
               +--------+--------+--------+--------+--------+-----+--------+

Top non-repeatable levels by time:
     D:1: 1836 daAuts
     D:3: 1208 daAuts
     D:2: 387 daAuts
